 Dungeon Crawl Stone Soup version 0.28.0-53-g5a82cb258f (webtiles) character file.

Game seed: 7088320381959538956

266 greena the Covered (level 6, -2/48 HPs)
             Began as a Human Fighter on May 26, 2022.
             Was an Initiate of Qazlal.
             Killed from afar by Ijyb (6 damage)
             ... with a puff of flame
             ... on level 3 of the Dungeon on May 27, 2022.
             The game lasted 00:13:31 (2547 turns).

greena the Covered (Human Fighter)                  Turns: 2547, Time: 00:13:31

Health: -2/48      AC:  8    Str: 16 (18) XL:     6   Next: 44%
Magic:  6/6        EV: 11    Int:  7 (8)  God:    Qazlal [......]
Gold:   152        SH:  4    Dex: 10 (13) Spells: 5/5 levels left

rFire   . . .      SeeInvis .   a - +0 long sword
rCold   . . .      Faith    .   c - +0 buckler
rNeg    . . .      Spirit   .   o - +3 leather armour
rPois   .          Reflect  .   n - +1 helmet
rElec   .          Harm     .   r - scarf {repulsion}
rCorr   .          Rampage  .   (no gloves)
Will    .....      Rnd*Tele +   (no boots)
Stlth   +.........              (no amulet)
HPRegen 0.16/turn               (no ring)
MPRegen 0.10/turn               (no ring)

@: mighty, repel missiles
A: teleportitis 1
a: Renounce Religion


You were on level 3 of the Dungeon.
You worshipped Qazlal.
Qazlal was noncommittal.
You visited 1 branch of the dungeon, and saw 3 of its levels.

You collected 152 gold pieces.

Inventory:

Hand Weapons
 a - a +0 long sword (weapon)
Missiles
 f - 39 arrows
 h - 2 boomerangs (quivered)
Armour
 b - a +0 scale mail
 c - a +0 buckler (worn)
 n - a +1 helmet (worn)
 o - a +3 leather armour (worn)
 r - a scarf of repulsion (worn)
Jewellery
 g - a +6 ring of intelligence
Scrolls
 e - 2 scrolls of identify
 i - a scroll of teleportation {unknown}
 k - a scroll of enchant armour


   Skills:
 + Level 3.8 Fighting
 + Level 3.8 Long Blades
 + Level 1.6 Throwing
 + Level 4.1 Armour
 + Level 1.1 Dodging
 + Level 0.6 Stealth
 + Level 3.4 Shields


You had 5 spell levels left.
You didn't know any spells.
Your spell library contained the following spells:

 Spells                   Type           Power      Damage    Failure   Level
 Static Discharge         Conj/Air       0%         N/A       73%         2
 Olgreb's Toxic Radiance  Pois           0%         N/A       100%        4
 Lightning Bolt           Conj/Air       0%         1d11      100%        5
 Ozocubu's Refrigeration  Ice            0%         4d5       100%        7
 Ignition                 Fire           0%         3d3       100%        8
 Maxwell's Capacitive Co  Air            0%         ∞         100%        8


Dungeon Overview and Level Annotations

Branches:
Dungeon (3/15)

Altars:
Qazlal
Jiyva

Annotations:
D:3 1 transporter, Ijyb; pkoi's ghost, amateur DgGl


Innate Abilities, Weirdness & Mutations

You are occasionally teleported next to monsters.


Message History

Ijyb hits you with a +4 dagger of speed.
You barely miss Ijyb.
Ijyb zaps a wand.
The puff of flame hits you!
You barely miss Ijyb.
Ijyb zaps a wand.
The puff of flame hits you.
You hit Ijyb but do no damage. Ijyb completely misses you.
Ijyb hits you but does no damage.
You barely miss Ijyb.
Ijyb zaps a wand.
The puff of flame is repelled.
Ijyb hits you with a +4 dagger of speed.
You closely miss Ijyb.
Ijyb zaps a wand.
The puff of flame misses you.
You closely miss Ijyb.
Ijyb hits you with a +4 dagger of speed.
You block Ijyb's attack.
You closely miss Ijyb.
Ijyb zaps a wand.
The puff of flame hits you.
Ijyb zaps a wand.
The puff of flame is repelled.
You hit Ijyb but do no damage. Ijyb closely misses you.
You hit Ijyb.
Ijyb is lightly wounded.
Ijyb hits you but does no damage. Ijyb barely misses you.
You hit Ijyb but do no damage.
Ijyb is lightly wounded.
Ijyb hits you but does no damage.
Ijyb hits you with a +4 dagger of speed.
* * * LOW HITPOINT WARNING * * *
You hit Ijyb but do no damage.
Ijyb is lightly wounded.
Ijyb zaps a wand.
The puff of flame hits you.
* * * LOW HITPOINT WARNING * * *
You feel very mighty all of a sudden.
Ijyb zaps a wand.
The puff of flame hits you.
* * * LOW HITPOINT WARNING * * *
You slash Ijyb!
Ijyb is heavily wounded.
Ijyb zaps a wand.
The puff of flame misses you.
You hit Ijyb.
Ijyb is heavily wounded.
You block Ijyb's attack.
Ijyb zaps a wand.
The puff of flame hits you.
* * * LOW HITPOINT WARNING * * *
You hit Ijyb.
Ijyb is severely wounded.
Ijyb zaps a wand.
The puff of flame hits you.
You die...

#.######.########
.......#.# #.####.#.#
#.#......########
#.#.##...........
#.#.##...........
#.#.#............ #
#.#.#..#....######.#.#
.......<........@g...#
........###.##.###.###
...................#
.............#.#####
#....###.#####.#
.........# #.#
.###.##### #.# .. ....
#.# ......# #.#


You could see Ijyb.

Vanquished Creatures
  Grinder (D:3)
  3 adders
  4 bats
  3 endoplasms
  3 giant cockroaches
  4 goblins
  2 hobgoblins
  4 jackals (D:3)
  2 quokkas
  7 ball pythons
  6 frilled lizards
  5 kobolds
  2 rats
46 creatures vanquished.

Notes
Turn   | Place    | Note
-------+----------+-------------------------------------------
     0 | D:1      | greena the Human Fighter began the quest for the Orb.
     0 | D:1      | Reached XP level 1. HP: 18/18 MP: 1/1
   197 | D:1      | Reached XP level 2. HP: 24/24 MP: 2/2
   403 | D:1      | Found a faded altar of an unknown god.
   628 | D:1      | Prayed at the altar of an unknown god.
   628 | D:1      | Became a worshipper of Jiyva Joptauti the Shapeless
   628 | D:1      | Reached * piety under Jiyva
   633 | D:1      | Fell from the grace of Jiyva
   935 | D:2      | Reached XP level 3. HP: 27/29 MP: 3/3
  1026 | D:2      | Gained mutation: You sometimes lose the ability to read
                  | scrolls when taking damage. [the all-consuming vengeance of
                  | Jiyva]
  1026 | D:2      | Gained mutation: You are frail. (-10% HP) [the
                  | all-consuming vengeance of Jiyva]
  1578 | D:2      | Found a stormy altar of Qazlal.
  1641 | D:2      | Became a worshipper of Qazlal Stormbringer
  1968 | D:3      | Reached XP level 4. HP: 31/31 MP: 4/4
  1986 | D:3      | Noticed Grinder
  2004 | D:3      | Killed Grinder
  2005 | D:3      | Reached skill level 1 in Throwing
  2005 | D:3      | Reached skill level 4 in Armour
  2005 | D:3      | Reached skill level 1 in Dodging
  2005 | D:3      | Reached XP level 5. HP: 4/37 MP: 5/5
  2005 | D:3      | Reached XP level 6. HP: 5/43 MP: 6/6
  2214 | D:3      | Gained mutation: You are clumsy. (Dex -2) [the
                  | all-consuming vengeance of Jiyva]
  2278 | D:3      | Lost mutation: You are clumsy. (Dex -2) [potion of
                  | mutation]
  2278 | D:3      | Lost mutation: You sometimes lose the ability to read
                  | scrolls when taking damage. [potion of mutation]
  2278 | D:3      | Gained mutation: Your body sometimes deteriorates upon
                  | taking damage. [potion of mutation]
  2278 | D:3      | Gained mutation: You are partially covered in large bone
                  | plates. (SH +4) [potion of mutation]
  2303 | D:3      | Lost mutation: You are frail. (-10% HP) [potion of
                  | mutation]
  2303 | D:3      | Lost mutation: Your body sometimes deteriorates upon taking
                  | damage. [potion of mutation]
  2303 | D:3      | Lost mutation: You are partially covered in large bone
                  | plates. (SH +4) [potion of mutation]
  2303 | D:3      | Gained mutation: You are occasionally teleported next to
                  | monsters. [potion of mutation]
  2364 | D:3      | Found a transporter.
  2368 | D:3      | Noticed pkoi's ghost (amateur DgGl)
  2529 | D:3      | Noticed Ijyb
  2547 | D:3      | Killed from afar by Ijyb

Illustrated notes

Levels and vault maps discovered:
D:1:      dpeg_arrival_signposts, layout_loops_ring,
          hellmonk_ecumenical_altar_arch_garden
D:2:      layout_basic, basic_altar, minmay_octomino_c4
D:3:      layout_basic, gammafunk_ghost_mausoleum, serial_bayou_pond_d,
          minmay_stone_trees_medium, uniq_ijyb, uniq_grinder, uniq_natasha

Skill      XL: |  1  2  3  4 |
---------------+-------------+-----
Long Blades    | 3 |  3.8
Throwing       | 1 |  1.6
Armour         | 4 |  4.1
Dodging        | 1 |  1.1
Fighting       | |  3.8
Stealth        | |  0.6
Shields        | |  3.4

Action                   |  1- 3 |  4- 6 || total
-------------------------+-------+-------++-------
Melee: Long sword        |    82 |    49 ||   131
Throw: Boomerang         |    17 |       ||    17
Invok: Renounce Religion |     1 |       ||     1
  Use: Potion            |       |     9 ||     9
       Scroll            |       |     2 ||     2
Armor: Scale mail        |    18 |       ||    18
       Leather armour    |    18 |    19 ||    37
Dodge: Dodged            |    40 |    28 ||    68
       Repelled          |       |     3 ||     3
Block: Buckler           |    20 |    11 ||    31
